 Dungeon Crawl Stone Soup version 0.20-a0-681-gf83e07f (webtiles) character file.

80 polly the Chopper (level 4, -5/60 HPs)
             Began as a Minotaur Berserker on Feb 19, 2017.
             Was a Believer of Trog.
             Slain by ZaiJai's ghost (13 damage)
             ... on level 3 of the Dungeon.
             The game lasted 00:01:44 (1939 turns).

polly the Chopper (Minotaur Berserker)              Turns: 1939, Time: 00:01:45

Health: -5/60      AC:  2    Str: 27    XL:     4   Next: 18%
Magic:  3/3        EV: 12    Int:  4    God:    Trog [**....]
Gold:   83         SH:  0    Dex: 10    Spells: 3/3 levels left

rFire    . . .     SeeInvis .   a - +0 hand axe
rCold    . . .     Gourm    .   b - +0 animal skin
rNeg     . . .     Faith    .   (no shield)
rPois    .         Spirit   .   (helmet restricted)
rElec    .         Reflect  .   (no cloak)
rCorr    .         Harm     .   (no gloves)
MR       .....                  (no boots)
Stlth    ..........             (no amulet)
Regen    0.2/turn               (no ring)
MPRegen  0.1/turn               (no ring)

@: berserking, very quick
A: retaliatory headbutt, horns 2
a: Berserk, Trog's Hand, Burn Spellbooks, Renounce Religion


You were on level 3 of the Dungeon.
You worshipped Trog.
Trog was pleased with you.
You were not hungry.

You visited 1 branch of the dungeon, and saw 3 of its levels.

You collected 83 gold pieces.

Inventory:

Hand Weapons
 a - a +0 hand axe (weapon)
Armour
 b - a +0 animal skin (worn)
Jewellery
 o - an uncursed ring of positive energy {unknown}
Scrolls
 g - a scroll of remove curse {unknown}
 h - a scroll of magic mapping {unknown}
 i - a scroll of identify {unknown}
 j - a scroll of enchant weapon {unknown}
 t - 3 scrolls of fear {unknown}
 u - a scroll of fog {unknown}
 v - a scroll of teleportation {unknown}
Potions
 e - 2 potions of haste {unknown}
 f - a potion of agility {unknown}
 k - 2 potions of ambrosia {unknown}
 l - 2 potions of heal wounds {unknown}
 m - a potion of mutation {unknown}
 n - a potion of curing {unknown}
 p - 2 potions of resistance {unknown}
 q - a potion of lignification {unknown}
 r - a potion of flight {unknown}
 s - a potion of degeneration {unknown}
Comestibles
 c - 2 bread rations
 d - a fruit


   Skills:
 + Level 4.3 Fighting
 + Level 4.6 Axes
 + Level 2.9 Armour
 + Level 3.0 Dodging
 + Level 0.6 Stealth


You had 3 spell levels left.
You didn't know any spells.

Dungeon Overview and Level Annotations

Branches:
Dungeon (3/15)

Altars:
Qazlal

Annotations:
D:3 ZaiJai's ghost, amateur TrMo


Innate Abilities, Weirdness & Mutations

You reflexively headbutt those who attack you in melee.
You have a pair of horns on your head.


Message History

An orc priest comes into view. It is wielding a flail.
The orc priest shouts!
You hit ZaiJai's ghost but do no damage.
Your headbutt misses ZaiJai's ghost.
ZaiJai's ghost is heavily damaged.
ZaiJai's ghost barely misses you.
You barely miss ZaiJai's ghost. Your headbutt misses ZaiJai's ghost.
ZaiJai's ghost is heavily damaged.
ZaiJai's ghost hits you!
* * * LOW HITPOINT WARNING * * *
You slash ZaiJai's ghost! Your headbutt misses ZaiJai's ghost.
ZaiJai's ghost is severely damaged.
ZaiJai's ghost hits you.
* * * LOW HITPOINT WARNING * * *
You slash ZaiJai's ghost!
ZaiJai's ghost is severely damaged.
You hit ZaiJai's ghost. Your headbutt misses ZaiJai's ghost.
ZaiJai's ghost is almost destroyed.
ZaiJai's ghost hits you!
You die...

## ## #.. ....#
.###%# .#..#
......### #.#..#
#.....###.....
#....o##..#..#
#..oowW@.###.#
.......o##<.#..#
###.....###....#
#............#
#..###########
.... ###. #.


You could see a worm, 2 orc priests, ZaiJai's ghost and 2 orcs.

Vanquished Creatures
  3 gnolls (D:2)
  An adder (D:2)
  A worm (D:2)
  A dart slug (D:1)
  A leopard gecko (D:1)
  A bat (D:1)
  3 goblins
  3 hobgoblins (D:1)
  6 jackals
  11 frilled lizards
  5 kobolds
  5 rats
41 creatures vanquished.

Notes
Turn   | Place    | Note
-------+----------+-------------------------------------------
     0 | D:1      | polly the Minotaur Berserker began the quest for the Orb.
     0 | D:1      | Reached XP level 1. HP: 19/19 MP: 0/0
   318 | D:1      | Reached XP level 2. HP: 17/27 MP: 1/1
   840 | D:2      | Reached XP level 3. HP: 33/33 MP: 2/2
   844 | D:2      | Reached ** piety under Trog
  1435 | D:2      | Reached XP level 4. HP: 31/40 MP: 3/3
  1560 | D:2      | Found a stormy altar of Qazlal.
  1922 | D:3      | Noticed ZaiJai's ghost (amateur TrMo)
  1939 | D:3      | Slain by ZaiJai's ghost

Vault maps used:
D:1:      roderic_crop_circles_arrival_small, serial_bayou_pond_d,
          minmay_lizard_king
D:2:      kennysheep_minor_cross, grunt_qazlal_clouds

Skill      XL: |  1  2  3 |
---------------+----------+-----
Axes           | 4 |  4.6
Fighting       | 4 |  4.3
Dodging        | 3 |  3.0
Armour         | |  2.9
Stealth        | |  0.6

Action                   |  1- 3 |  4- 6 || total
-------------------------+-------+-------++-------
Melee: Hand axe          |    84 |    19 ||   103
       Headbutt          |    10 |     4 ||    14
Invok: Berserk           |       |     1 ||     1
 Stab: Sleeping          |     1 |       ||     1
  Eat: Bread ration      |       |     1 ||     1
       Chunk             |       |     1 ||     1
Armor: Animal skin       |     9 |     1 ||    10
Dodge: Dodged            |    47 |     7 ||    54
